[Event "1000GM Summer-II Dual Schev-A 2024"]
[Site "San Jose"]
[Date "2024.07.03"]
[Round "3.4"]
[White "Garduno Huerta, Joshua Emiliano"]
[Black "Fierro Baquero, Martha L."]
[Result "1-0"]
[ECO "A42"]
[WhiteElo "1967"]
[BlackElo "2273"]
[Annotator "TA"]
[PlyCount "73"]
[EventDate "2024.06.29"]
[EventType "schev"]
[EventCountry "USA"]
[SourceTitle "playchess.com"]
[Source "ChessBase"]
[SourceQuality "1"]
[TimeControl "5400+30"]

1. d4 g6 2. c4 Bg7 3. Nc3 d6 4. e4 Nc6 5. Be3 e5 6. Nge2 f5 7. f3 (7. exf5 $14 {might be stronger.} Bxf5 8. d5) 7... Nf6 8. exf5 gxf5 9. dxe5 {[%emt 0:02:25] White is slightly better.} Nxe5 10. Nf4 O-O 11. Qd2 Qe8 12. Be2 Be6 13. Nxe6 Qxe6 14. Nd5 Nxd5 15. cxd5 Qf6 16. O-O Rae8 17. Rfe1 f4 18. Bf2 Re7 19. Bf1 Qg6 20. Kh1 Kh8 21. Re4 (21. Bxa7 b6 22. Qe2 Bf6 $17) 21... Ref7 22. Rae1 (22. Bxa7 b6 $11) 22... Rg8 23. Bd4 (23. Rxf4 $2 Bh6 24. Ree4 Rxf4 (24... Bxf4 25. Rxf4 Qb1 26. Kg1 $11) 25. Rxf4 Qb1 $19 (25... Bxf4 26. Qxf4 Re8 27. Qa4 $11)) (23. Bxa7 $6 b6 24. Bb5 (24. Rxf4 $2 Bh6 $19) 24... c6 25. dxc6 Rxa7 $11) 23... Qh5 24. Qc3 (24. Rxf4 $6 Bh6 25. Ree4 (25. Bxe5+ $2 dxe5 $19) 25... Bxf4 26. Rxf4 Qg5 $11) (24. Bxa7 $6 b6 $11) 24... Rf5 ({Better is} 24... Qh6 $14) 25. Qxc7 $18 (25. Bxa7 b6 26. Rc1 (26. Qxc7 $2 Nxf3 27. h3 Bd4 $19) 26... Qg6 $19) 25... Rg5 (25... Rf7 {keeps fighting.} 26. Qc3 (26. Qxd6 $2 Nxf3 27. Bxg7+ Rfxg7 $19) 26... Qh6) 26. Rxf4 (26. Qxb7 Nxf3 27. Bg1 Nxe1 28. Qxa7 Nxg2 $19) 26... Nxf3 {[%emt 0:01:18] Black is weak on the light squares} 27. Rxf3 $2 (27. Qxg7+ $1 $18 {and the rest is easy.} R5xg7 28. gxf3) 27... Bxd4 $16 {[%emt 0:00:16] [#]} 28. Re7 $1 (28. Qxd6 Qxf3 (28... Bxb2 29. Qc5 $16) (28... Be5 $2 29. Qxe5+ Rxe5 30. Rc1 $19) 29. Qe7 Rxg2 (29... Qxd5 $2 30. Qe4 $19) (29... Qxd5 $2 30. Qe4 $19)) 28... Be5 {[%emt 0:00:57] [#]} (28... Bxb2 $142 29. Qxb7 (29. Qxd6 Qxf3) 29... Be5) 29. h3 $1 {[%emt 0:00:29] Active counter play!} (29. Qxb7 $2 Qxh2#) 29... Qh4 30. Bd3 ({White should try} 30. b4 $18) 30... Rh5 (30... R5g7 $16 31. Rxg7 Bxg7 32. Qxd6 Qg5) 31. Qd7 Qe1+ 32. Rf1 Qh4 33. Rff7 $40 {[%emt 0:00:34][%cal Rf7h7][%mdl 128] White has strong attack.} (33. Qxb7 $2 {gets mated.} Qxh3+ 34. gxh3 Rxh3#) 33... Bg7 $2 {[%emt 0:00:38] This costs Black the game.} (33... Qe1+ $16 34. Rf1 Qh4) 34. Rxg7 {[%emt 0:00:26] White mates.} Rxg7 35. Rxg7 Qe1+ 36. Kh2 Qe5+ 37. Rg3 {[%emt 0:00:05] Weighted Error Value: White=0.21 (precise) /Black=0.52.  Loses game:     	---       	Black=1      Missed win:     	White=1     	---        Mistake:       	White=1     	Black=4      Inaccurate:     	White=3     	Black=6      OK:         	White=9     	Black=2      Best:        	White=3     	Black=2      Strong:       	White=2     	---} 1-0

[Event "1000GM Summer-II Dual Schev-A 2024"]
[Site "San Jose"]
[Date "2024.07.03"]
[Round "3.5"]
[White "Sanchez, Sebastian Felipe"]
[Black "Arutla, Aditya"]
[Result "1-0"]
[ECO "E11"]
[WhiteElo "2400"]
[BlackElo "2243"]
[Annotator "TA"]
[PlyCount "115"]
[EventDate "2024.06.29"]
[EventType "schev"]
[EventCountry "USA"]
[SourceTitle "playchess.com"]
[Source "ChessBase"]
[SourceQuality "1"]
[TimeControl "5400+30"]

1. d4 Nf6 2. c4 e6 3. g3 d5 4. Nf3 Bb4+ 5. Bd2 a5 6. Qc2 O-O 7. Bg2 c5 {[%emt 0:00:22] E11: Bogo-Indian.} 8. dxc5 d4 9. O-O Nc6 10. Bf4 ({Better is} 10. Bxb4 $11 axb4 11. Nbd2) 10... Bxc5 $15 11. Nbd2 Qe7 (11... Ng4 {keeps more tension.} 12. Nb3 Ba7 13. Bg5 f6) 12. Bg5 h6 13. Bxf6 Qxf6 14. Ne1 e5 15. Nd3 (15. Ne4 $5 Qe7 $8 16. Nxc5 Qxc5 17. Nd3 $15) 15... Nb4 16. Qd1 $146 ({Predecessor:} 16. Qa4 Nxd3 17. exd3 Qb6 18. Qb5 Qxb5 19. cxb5 Bd7 20. a4 Rab8 21. Nc4 b6 22. Nxe5 Bf5 23. Be4 {½-½ Andreikin,D (2735)-Riazantsev,A (2595) Wch Blitz Almaty 2022 (11)}) 16... Nxd3 17. exd3 Qe7 18. Re1 Bb4 (18... Qc7 $11) 19. a3 $14 Bxd2 20. Qxd2 Qc7 21. f4 exf4 22. Qxf4 Qxf4 23. gxf4 Bf5 24. Rad1 Rae8 25. Rxe8 (25. Bxb7 Rxe1+ 26. Rxe1 Rb8 $17) (25. c5 $1 $16) 25... Rxe8 $11 26. Bxb7 Rb8 $1 27. Be4 Bxe4 28. dxe4 Rxb2 29. Rxd4 Rb3 (29... Kf8 $11) 30. c5 (30. a4 $1 $14) 30... Rc3 $11 31. Rd8+ Kh7 32. Rc8 Rxa3 33. Kf2 Kg6 34. Ke2 Kf6 35. c6 Rc3 36. Kd2 Rc5 37. Kd3 a4 38. Kd4 Rc2 $1 39. Kd5 a3 40. Ra8 a2 41. h4 h5 42. Kd6 g6 $2 (42... Rd2+ $11 43. Kc5 Rc2+ 44. Kd6 Rd2+ 45. Kc7 Ke7) 43. c7 Rd2+ 44. Kc6 Rc2+ 45. Kd7 $1 Rd2+ {[%emt 0:00:08] [#]} 46. Ke8 $1 Rc2 {[%emt 0:00:41] [#]} 47. Kf8 $1 (47. c8=B $2 Rxc8+ 48. Rxc8 a1=Q $19 (48... a1=B $2 49. Kf8 $18)) 47... Ke6 48. Rxa2 (48. c8=B+ $2 Rxc8+ 49. Rxc8 a1=Q $19 (49... a1=B $2 50. Re8+ Kd7 51. Kxf7 $18)) 48... Rxc7 49. Ra6+ Kd7 50. Kxf7 (50. e5 $142 g5 51. Rd6+ (51. Kxf7 Kc8+ 52. Kf6 Kb7 $18) 51... Kc8 52. fxg5 (52. hxg5 Kb7 $18)) 50... Rc4 $18 51. Re6 Rd4 52. Re5 (52. Rxg6 Rxe4 53. f5 Rxh4) 52... Ra4 53. Kxg6 Ra1 54. Rxh5 Rh1 55. Kf6 Rh2 56. e5 Re2 57. f5 Re4 58. Rh8 1-0

[Event "1000GM Summer-II Dual Schev-A 2024"]
[Site "San Jose"]
[Date "2024.07.04"]
[Round "5.1"]
[White "Jimenez Garcia, Emmanuel"]
[Black "Rajaram, Rohan"]
[Result "1-0"]
[ECO "B23"]
[WhiteElo "2370"]
[BlackElo "2062"]
[Annotator "RC"]
[PlyCount "119"]
[EventDate "2024.06.29"]
[EventType "schev"]
[EventCountry "USA"]
[SourceTitle "playchess.com"]
[Source "ChessBase"]
[SourceQuality "1"]
[TimeControl "5400+30"]

1. e4 c5 2. Nc3 d6 3. d4 cxd4 4. Qxd4 Nc6 5. Qd2 g6 6. b3 Bh6 7. f4 Nf6 8. Bb2 O-O 9. O-O-O e5 10. g3 Re8 11. Bg2 Nd4 12. Nf3 Bg4 13. Nxd4 exd4 14. Qxd4 Bxd1 15. Rxd1 Bg7 16. Qb4 Qe7 17. Qxd6 Rad8 18. Qxe7 Rxd1+ 19. Nxd1 Rxe7 20. e5 Ne8 21. Ne3 Bf8 22. c4 h5 23. Bd4 b6 24. Bc6 Re6 25. Bd7 Re7 26. Bb5 Ng7 27. Nd5 Rb7 28. Ba6 Rb8 29. b4 Ne6 30. Be3 Rd8 31. Kc2 Kg7 32. a3 Rd7 33. Bb5 Rd8 34. h3 Kh8 35. g4 hxg4 36. hxg4 Bh6 37. f5 Bxe3 38. fxe6 Rxd5 39. cxd5 fxe6 40. dxe6 Bg5 41. Kd3 Be7 42. Ba6 Kg7 43. Kd4 Kf8 44. Kd5 Bg5 45. Kd6 Ke8 46. Bd3 a5 47. Bxg6+ Kf8 48. b5 Be7+ 49. Kc6 Bc5 50. a4 Ke7 51. Bf7 Kf8 52. g5 Bd4 53. Kd7 Bc5 54. g6 Bb4 55. g7+ Kxg7 56. e7 Bxe7 57. Kxe7 Kh6 58. Kf6 Kh7 59. e6 Kh6 60. e7 1-0

[Event "1000GM Summer-II Dual Schev-A 2024"]
[Site "San Jose"]
[Date "2024.07.04"]
[Round "5.2"]
[White "Garduno Huerta, Joshua Emiliano"]
[Black "Dominguez Aguilar, Guillermo"]
[Result "0-1"]
[ECO "A42"]
[WhiteElo "1967"]
[BlackElo "2281"]
[Annotator "TA"]
[PlyCount "102"]
[EventDate "2024.06.29"]
[EventType "schev"]
[EventCountry "USA"]
[SourceTitle "playchess.com"]
[Source "ChessBase"]
[SourceQuality "1"]
[TimeControl "5400+30"]

1. d4 g6 2. c4 Bg7 3. Nc3 d6 4. e4 Nc6 5. Be3 e5 6. Nge2 Nh6 7. f3 f5 8. Qd2 {[%emt 0:01:39] Hoping for Bg5.} fxe4 9. Nxe4 {[%emt 0:08:01] Bg5 would now be deadly.} Nf5 10. Bg5 Qd7 {[%emt 0:00:57] White has an edge.} 11. d5 Ncd4 12. Nxd4 Nxd4 13. Bd3 O-O 14. O-O Qf7 15. Rac1 (15. f4 $5 exf4 16. Rxf4 $14) 15... b6 16. b4 (16. f4 $5 exf4 17. Rxf4 $14) 16... Bb7 $2 {[%emt 0:02:17] [#]} (16... Bf5 $14) 17. Be3 $2 (17. f4 $1 $18 {[%cal Rf4e5] Strongly threatening fxe5.} exf4 18. Rxf4) 17... Qe7 {[%emt 0:10:28] [#]} (17... Qd7 $14) 18. Ng5 (18. Bxd4 $1 $16 exd4 19. Rce1) 18... Bh6 $14 19. Rfe1 a5 20. b5 Rae8 21. Bxd4 Bxg5 22. Be3 Bxe3+ 23. Qxe3 Kg7 24. Qd2 Bc8 25. Re2 Qh4 26. Re4 Qf6 27. Rce1 Bf5 28. R4e2 Qh4 (28... Bxd3 {simplifies} 29. Qxd3 Rf7 30. h3 h5) 29. Qe3 Re7 30. Rd1 Ref7 {[%emt 0:05:14] Black is more active.} 31. Rde1 h6 32. Kh1 (32. Bxf5 $11 {remains equal.} Rxf5 33. Qc3) 32... g5 $17 33. Bxf5 Rxf5 34. Qd3 Rf4 35. Re4 Qf2 36. Qe2 {[%emt 0:02:01] Black continues to play with concentration.} (36. Qb1 $1 $15) 36... Qxe2 $19 37. R1xe2 g4 38. Rxf4 (38. h3 $142 gxf3 39. gxf3) 38... Rxf4 39. Re4 (39. Rf2 $142) 39... gxf3 40. Rxf4 $2 (40. gxf3 Rxf3 41. c5) 40... exf4 (40... fxg2+ 41. Kxg2 exf4 42. Kf3 $11) 41. gxf3 {[%emt 0:00:00][%mdl 4096] Endgame. KP-KP} Kf6 {[%emt 0:00:08] And now ...Ke5 would win.} 42. Kg2 Ke5 43. Kh3 Kd4 44. Kg4 Ke3 {[%emt 0:03:51] Black mates.} (44... Kxc4 45. Kxf4 Kxd5 (45... Kxb5 46. Ke4 $16) 46. h3 $19) 45. h4 {[%emt 0:01:11] [#]} h5+ $1 46. Kxh5 Kxf3 47. Kg6 Ke4 48. h5 f3 49. h6 f2 50. h7 f1=Q (50... f1=R $2 {too greedy.} 51. h8=Q $18 (51. h8=R $2 {perishes.} Kd3 $19)) 51. h8=Q Qf5+ {[%emt 0:00:29] Weighted Error Value: White=0.62/Black=0.15 (very precise) .  Loses game:     	White=1     	---        Missed win:     	White=1     	---        Mistake:       	White=5     	Black=2      Inaccurate:     	White=3     	Black=4      OK:         	White=7     	Black=12     Best:        	---       	Black=3} (51... Qxc4 $2 52. Qg7 $19) 0-1

[Event "1000GM Summer-II Dual Schev-A 2024"]
[Site "San Jose"]
[Date "2024.07.04"]
[Round "5.3"]
[White "Arutla, Aditya"]
[Black "Figueredo Losada, Leonel"]
[Result "1/2-1/2"]
[ECO "B11"]
[WhiteElo "2243"]
[BlackElo "2314"]
[Annotator "TA"]
[PlyCount "57"]
[EventDate "2024.06.29"]
[EventType "schev"]
[EventCountry "USA"]
[SourceTitle "playchess.com"]
[Source "ChessBase"]
[SourceQuality "1"]
[TimeControl "5400+30"]

1. e4 c6 2. Nf3 d5 3. Nc3 dxe4 4. Nxe4 Nf6 5. Qe2 Nxe4 6. Qxe4 Be6 7. b3 Bd5 8. Qe3 Bxf3 {[%emt 0:02:36] White has an edge.} 9. Qxf3 e6 10. Bb2 Nd7 11. O-O-O Nf6 12. Bc4 Be7 13. g4 Qa5 14. Kb1 O-O-O 15. h4 {[%emt 0:00:00] Threatens to win with g5.} Rhf8 16. g5 Ne8 17. Rhe1 g6 18. Bc3 Qc7 19. a4 Nd6 20. Bd3 c5 (20... Rd7 $14) 21. Be5 {[%emt 0:00:00] White has more active pieces.} Qa5 22. Qf4 Nf5 {[%emt 0:01:02] [#]} (22... a6 $14) 23. h5 Rd7 24. hxg6 hxg6 25. Bb5 Rd5 {[%emt 0:00:45] The position is equal.} 26. Bc4 {[%emt 0:00:00] This pair of bishops is nice.} Rd7 27. Bb5 Rd5 28. Bc4 Rd7 29. Bb5 {[%emt 0:00:00] Weighted Error Value: White=0.14 (very precise) /Black=0.11 (very precise) .  Mistake:       	White=1     	Black=2      Inaccurate:     	White=5     	Black=2      OK:         	White=10    	Black=9} 1/2-1/2

[Event "1000GM Summer-II Dual Schev-A 2024"]
[Site "San Jose"]
[Date "2024.07.04"]
[Round "5.4"]
[White "Fierro Baquero, Martha L."]
[Black "Solis Castro, Angel Alejan"]
[Result "0-1"]
[ECO "A30"]
[WhiteElo "2273"]
[BlackElo "2003"]
[Annotator "TA"]
[PlyCount "86"]
[EventDate "2024.06.29"]
[EventType "schev"]
[EventCountry "USA"]
[SourceTitle "playchess.com"]
[Source "ChessBase"]
[SourceQuality "1"]
[TimeControl "5400+30"]

1. c4 Nf6 2. g3 c5 3. Bg2 Nc6 4. Nf3 e6 5. O-O Be7 6. b3 O-O 7. Bb2 a6 8. d4 cxd4 {[%emt 0:01:05] White has an edge.} 9. Nxd4 Qb6 10. e4 d6 11. Nc2 Bd7 12. Nc3 Rfc8 13. Kh1 Ne5 14. Ne3 Bc6 15. Qe2 Qa5 16. f4 Ng6 17. Nc2 b5 18. cxb5 axb5 19. Nd4 {[%emt 0:00:11][%cal Od4c6] And now Nxc6! would win.} Bb7 (19... b4 $11 20. Nxc6 Rxc6) 20. Ncxb5 {[%emt 0:03:57] Black must now prevent a4.} (20. Qxb5 {simplifies} Qxb5 21. Ndxb5 e5 22. f5) 20... e5 $1 21. Nf5 Ba6 {[%emt 0:00:11] [#]} (21... Bxe4 $1 $14 22. Bxe4 Nxe4) 22. Nxe7+ (22. Nfxd6 $2 Bxd6 23. a4 Qb4 $19 (23... exf4 24. e5 $14)) (22. a4 $142 $1) 22... Nxe7 $16 23. a4 (23. fxe5 $2 Bxb5 24. Qf2 Bxf1 25. Bxf1 dxe5 $19 (25... Nxe4 $2 26. Qe2 $19)) 23... Nc6 (23... Ng6 $1 $14) 24. Rad1 Qb4 25. Qc4 (25. Rxd6 Qxd6 (25... Qxb3 $2 26. fxe5 Ne8 27. Rd7 $18) 26. fxe5 Nxe5 (26... Bxb5 27. Qxb5 Nxe5 28. Qxe5 $11) 27. Nxd6 Bxe2 $15) (25. Qf3 {simplifies} Bxb5 26. axb5 Qxb5 27. Rxd6 Re8 28. Rfd1) 25... Ng4 (25... Qxc4 $16 26. bxc4 Ne8) 26. fxe5 (26. Rxd6 $6 Qxd6 27. Nxd6 Bxc4 28. Nxc4 Rab8 $11) (26. Qxb4 $18 {is more deadly.} Nxb4 27. Rxd6) 26... Qxc4 27. bxc4 {[%emt 0:00:03] Threatens to win with e6.} Ncxe5 28. Nxd6 (28. Rxd6 $6 Nxc4 (28... Rxc4 29. h3 $14) 29. e5 Nxd6 (29... Nxb2 30. Rb1 $11) 30. exd6 Rab8 $15) 28... Rcb8 29. Bxe5 Nxe5 30. Nb5 Nxc4 {[%emt 0:02:01][%cal Oc4e3] Strongly threatening ...Ne3!} 31. Nc7 (31. e5 $14 Ne3 32. Bxa8 Rxa8 33. Kg1) 31... Ra7 32. Nxa6 Rxa6 33. Rb1 Rd8 34. Rb4 Ne3 35. Rc1 g6 36. Bf3 {[%emt 0:01:11] [#]} (36. e5 $11) 36... Rf6 $1 $17 {[%emt 0:00:47][%cal Od8d2] ...Rd2! would now be deadly. Black is more active.} 37. a5 $2 {[%emt 0:02:25][%mdl 8192] This move loses the game for White.} Rxf3 $19 38. a6 {[%emt 0:00:03] aiming for a7.} Ra8 39. Ra4 Ra7 40. Kg1 Rf6 41. Ra3 $2 (41. Re1 {only move.} Nc2 (41... Rfxa6 42. Rxa6 Rxa6 43. Rxe3 $11) 42. Re2) 41... Ng4 {[%emt 0:00:25] Black is clearly winning.} ({Inferior is} 41... Rfxa6 42. Rxe3 Ra5 43. e5 $11) 42. Rca1 Re6 43. Ra4 Nf6 {[%emt 0:00:13] Weighted Error Value: White=0.39/Black=0.17 (very precise) .  Loses game:     	White=1     	---        Mistake:       	White=5     	Black=4      Inaccurate:     	White=2     	Black=1      OK:         	White=12    	Black=9      Best:        	---       	Black=3      Strong:       	---       	Black=2} 0-1

[Event "1000GM Summer-II Dual Schev-A 2024"]
[Site "San Jose"]
[Date "2024.07.04"]
[Round "5.5"]
[White "Sanchez, Sebastian Felipe"]
[Black "Ganesan, Vikrant"]
[Result "1-0"]
[ECO "E22"]
[WhiteElo "2400"]
[BlackElo "2038"]
[Annotator "TA"]
[PlyCount "32"]
[EventDate "2024.06.29"]
[EventType "schev"]
[EventCountry "USA"]
[SourceTitle "playchess.com"]
[Source "ChessBase"]
[SourceQuality "1"]
[TimeControl "5400+30"]

1. d4 Nf6 2. c4 e6 3. Nf3 d5 4. Nc3 Bb4 5. Qb3 Nc6 6. a3 Bd6 7. cxd5 exd5 8. Bg5 {[%emt 0:00:18] White is slightly better.} (8. Nxd5 $2 Nxd5 9. e4 (9. Qxd5 $2 {is the wrong capture.} Bb4+ 10. axb4 Qxd5 $19) 9... Nb6 $19) 8... Be7 (8... Ne7 $14) 9. Bxf6 $16 Bxf6 10. Qxd5 Nxd4 $2 {[%emt 0:05:33][%mdl 8192] [#]} (10... Be6 $16 {might work better.} 11. Qxd8+ Nxd8) 11. Qxd8+ $18 (11. Nxd4 Qxd5 (11... Bxd4 $2 {too greedy.} 12. Qxd8+ Kxd8 13. O-O-O $18) 12. Nxd5 Bxd4 13. Nxc7+ Ke7 14. Nxa8 Bxb2 $14) 11... Kxd8 12. Nxd4 Bxd4 13. O-O-O c5 14. e3 {[%emt 0:00:06] White is clearly winning.} Bd7 15. exd4 cxd4 16. Rxd4 {[%emt 0:00:06] [#] Hoping for Bb5.} Ke7 {[%emt 0:01:11] White took control after the opening.   Weighted Error Value: White=0.03 (flawless) /Black=0.76.  Loses game:     	---       	Black=1      Mistake:       	---       	Black=1      Inaccurate:     	---       	Black=1      OK:         	White=8     	---        Best:        	White=1     	---} 1-0